 Dungeon Crawl Stone Soup version 0.30-a0-137-gd8773701ce (webtiles) character file.

Game seed: 14889677055951408895

21236 SkeletonJelly the Severer (level 12, -5/112 HPs)
             Began as a Minotaur Fighter on Sept 23, 2022.
             Was a High Priest of Makhleb.
             Slain by a blink frog (8 damage)
             ... on level 3 of the Lair of Beasts.
             The game lasted 00:21:02 (10450 turns).

SkeletonJelly the Severer (Minotaur Fighter)       Turns: 10450, Time: 00:21:02

Health: -5/112     AC: 12    Str: 25    XL:     12   Next: 52%
Magic:  19/19      EV: 10    Int: 10    God:    Makhleb [*****.]
Gold:   951        SH: 10    Dex: 15    Spells: 11/11 levels left

rFire   . . .      SeeInvis +    M - +10 broad axe of Defenestration {speed, *Noise rCorr Int+2 SInv}
rCold   . . .      Faith    .    c - +0 buckler
rNeg    . . .      Spirit   .    y - +3 ring mail of Colaczau {Regen+ Dex+4}
rPois   .          Reflect  +    (helmet restricted)
rElec   .          Harm     .    F - +1 cloak
rCorr   +          Rampage  .    N - +0 pair of gloves "Qiroyl" {Int+3}
Will    .....                    (no boots)
Stlth   +.........               t - amulet of reflection
HPRegen 1.08/turn                z - ring of flight
MPRegen 0.16/turn                (no ring)

@: flying
A: horns 2, retaliatory headbutt
a: Renounce Religion, Minor Destruction, Lesser Servant of Makhleb, Major
Destruction, Greater Servant of Makhleb


You were on level 3 of the Lair of Beasts.
You worshipped Makhleb.
Makhleb was extremely pleased with you.
You visited 3 branches of the dungeon, and saw 14 of its levels.
You also visited: Ossuary and Bailey.

You collected 951 gold pieces.

Inventory:

Hand Weapons
 M - the +10 broad axe of Defenestration (weapon) {speed, *Noise rCorr Int+2 SInv}
   (You took it off an orc warrior on level 7 of the Dungeon)

   Attacks with this weapon are significantly faster.
   Int:       It affects your intelligence (+2).
   SInv:      It lets you see invisible.
   *Noise:    It may make noises in combat.
   rCorr:     It protects you from acid and corrosion.
 T - a +4 vampiric war axe
 X - a +1 whip of electrocution
Missiles
 a - a curare-tipped dart
 l - 27 poisoned darts (quivered)
 Z - 6 javelins
Armour
 c - a +0 buckler (worn)
 y - the +3 ring mail of Colaczau (worn) {Regen+ Dex+4}
   (You found it on level 4 of the Dungeon)

   Dex:       It affects your dexterity (+4).
   Regen:     It increases your rate of health regeneration.
 F - a +1 cloak (worn)
 K - a +0 plate armour
 N - the +0 pair of gloves "Qiroyl" (worn) {Int+3}
   (You found it on level 7 of the Dungeon)

   Int:       It affects your intelligence (+3).
 O - a +3 scale mail of positive energy
Jewellery
 t - an amulet of reflection (around neck)
 z - a ring of flight (left hand)
 C - a ring of resist corrosion
Wands
 b - a wand of light (7)
 E - a wand of mindburst (16)
 I - a wand of roots (12)
 J - a wand of charming (14)
Scrolls
 e - 4 scrolls of fear {unknown}
 f - 4 scrolls of fog
 g - 3 scrolls of magic mapping
 h - 2 scrolls of amnesia
 i - a scroll of summoning
 k - a scroll of torment
 n - 2 scrolls of blinking
 o - a scroll of acquirement {unknown}
 p - 11 scrolls of identify
 r - a scroll of brand weapon
 s - a scroll of vulnerability
 u - 6 scrolls of enchant weapon
 w - 5 scrolls of teleportation
 L - 2 scrolls of enchant armour
 P - 4 scrolls of poison
 Y - a scroll of silence {unknown}
Potions
 d - 8 potions of might
 j - 2 potions of lignification {unknown}
 m - 6 potions of brilliance
 q - a potion of heal wounds {unknown}
 v - 8 potions of curing {unknown}
 x - 5 potions of haste {unknown}
 A - 3 potions of attraction {unknown}
 B - 3 potions of cancellation {unknown}
 D - 3 potions of flight {unknown}
 G - a potion of degeneration {unknown}
 Q - 3 potions of resistance {unknown}
 R - 2 potions of mutation {unknown}
 S - a potion of magic {unknown}
 U - a potion of experience
 W - a potion of ambrosia {unknown}
Miscellaneous
 V - a lightning rod (4/4)


   Skills:
 - Level 12.0 Fighting
 - Level 18.0 Axes
 - Level 3.6 Armour
 - Level 3.6 Shields
 * Level 11.0 Invocations


You had 11 spell levels left.
You didn't know any spells.
Your spell library contained the following spells:

 Spells                   Type           Power      Damage    Failure   Level
 Magic Dart               Conj           0%         1d3       58%         1
 Necrotise                Necr           0%         1d4       58%         1
 Shock                    Conj/Air       0%         1d3       58%         1
 Searing Ray              Conj           0%         2d4       75%         2
 Dazzling Flash           Conj/Hex       0%         N/A       92%         3
 Gell's Gravitas          Tloc           0%         N/A       92%         3
 Ignite Poison            Fire/Tmut/Pois 0%         N/A       92%         3
 Lesser Beckoning         Tloc           0%         N/A       92%         3
 Mephitic Cloud           Conj/Pois/Air  0%         N/A       92%         3
 Swiftness                Air            0%         N/A       92%         3
 Teleport Other           Tloc           0%         N/A       92%         3
 Tukima's Dance           Hex            0%         N/A       92%         3
 Vampiric Draining        Necr           0%         2d6       92%         3
 Airstrike                Air            0%         2d(0-16)  100%        4
 Fulminant Prism          Conj/Hex       0%         3d6       100%        4
 Iskenderun's Mystic Bla  Conj/Tloc      0%         2d3       100%        4
 Passage of Golubria      Tloc           0%         N/A       100%        4
 Agony                    Necr           0%         N/A       100%        5
 Freezing Cloud           Conj/Ice/Air   0%         6-21      100%        5
 Silence                  Hex/Air        0%         N/A       100%        5
 Yara's Violent Unravell  Hex/Tmut       0%         3d3       100%        5
 Starburst                Conj/Fire      0%         6d3       100%        6
 Borgnjor's Revivificati  Necr           0%         N/A       100%        8
 Necromutation            Tmut/Necr      0%         N/A       100%        8
 Death's Door             Necr           0%         N/A       100%        9


Dungeon Overview and Level Annotations

Branches:
Dungeon (10/15)            Temple (1/1) D:4            Lair (3/5) D:8
    Orc (0/2) D:10        Ossuary (visited)          Bailey (visited)
  Swamp: Lair:2-3    Shoals: Lair:2-3     Snake: Lair:2-3    Spider: Lair:2-3

Altars:
Ashenzari
Cheibriados
Dithmenos
Elyvilon
Fedhas
Gozag
Hepliaklqana
Kikubaaqudgha
Makhleb
Nemelex Xobeh
Okawaru
Qazlal
Ru
Sif Muna
Trog
Uskayaw
Vehumet
Wu Jian
Xom
Yredelemnul
Zin
The Shining One

Shops:
D:9 *

Annotations:
D:10 1 transporter


Innate Abilities, Weirdness & Mutations

You have a pair of horns on your head.
You reflexively headbutt those who attack you in melee.


Message History

A five-headed hydra comes into view.
Found 16 gold pieces.
The five-headed hydra roars!
You hear an angry growl.
The blink frog blinks!
You slice the blink frog!!
Your broad axe of Defenestration cheers loudly!
The blink frog is severely wounded.
You hear a howl! x3; You hear an angry buzzing noise. x5
You block the blink frog's attack.
You miss the blink frog. Your headbutt misses the blink frog.
The blink frog is severely wounded.
The blink frog blinks!
You slash the blink frog!
You kill the blink frog!
Makhleb accepts your kill.
You miss the blink frog.
Your Invocations skill increases to level 11!
You completely miss the blink frog.
Your broad axe of Defenestration parrots the noises around you.
You headbutt the blink frog.
The blink frog is lightly wounded.
You miss the blink frog.
You hear a howl! x3
The blink frog hits you.
You take 3 damage, and have 109/112 hp.
MP restored: 19 You closely miss the blink frog.
You headbutt the blink frog!
The blink frog is heavily wounded.
You closely miss the blink frog.
The blink frog hits you but does no damage.
You block the blink frog's attack.
You closely miss the blink frog.
The blink frog is heavily wounded.
You barely miss the blink frog. The blink frog hits you. x2
The blink frog blinks!
You take 7 damage, and have 102/112 hp.
You slash the blink frog!
The blink frog is almost dead.
You block the blink frog's attack.
You slash the blink frog!
You kill the blink frog!
Makhleb accepts your kill.
A polar bear comes into view.
You slice one of the five-headed hydra's heads off!
The four-headed hydra grows two more!
You slice the six-headed hydra!! You headbutt the six-headed hydra!
The six-headed hydra is moderately wounded.
The blink frog blinks!
You hit the six-headed hydra.
The six-headed hydra is heavily wounded.
The six-headed hydra bites you. The six-headed hydra barely misses you.
The six-headed hydra closely misses you.
The six-headed hydra bites you! x2
The six-headed hydra closely misses you.
You take 21 damage, and have 83/112 hp.
You chop one of the six-headed hydra's heads off!
The five-headed hydra grows two more!
You hit the seven-headed hydra.
The seven-headed hydra is moderately wounded.
You chop one of the seven-headed hydra's heads off!
The six-headed hydra grows two more!
You slice the eight-headed hydra!!
The eight-headed hydra is moderately wounded.
You slash the blink frog! The blink frog hits you!
You block the eight-headed hydra's attack. x2
The eight-headed hydra bites you! x4
The eight-headed hydra bites you but does no damage.
The eight-headed hydra bites you.
* * * LOW HITPOINT WARNING * * *
You take 51 damage, and have 33/112 hp.
MASSIVE DAMAGE!!
You are too injured to fight recklessly!
You are too injured to fight recklessly!
You are too injured to fight recklessly!
You are too injured to fight recklessly!
You are too injured to fight recklessly!
You are too injured to fight recklessly!
A demon appears!
The blink frog closely misses you.
The eight-headed hydra bites you but does no damage. x2
You block the eight-headed hydra's attack.
The eight-headed hydra bites you.
* * * LOW HITPOINT WARNING * * *
The eight-headed hydra bites you!
* * * LOW HITPOINT WARNING * * *
You block the eight-headed hydra's attack.
The eight-headed hydra bites you.
* * * LOW HITPOINT WARNING * * *
The eight-headed hydra bites you.
* * * LOW HITPOINT WARNING * * *
The blink frog hits you but does no damage.
You take 32 damage, and have 1/112 hp.
MASSIVE DAMAGE!!
Blink to where?
Press: ? - help, Dir - move target
As you read the scroll of blinking, it crumbles to dust.
Your blizzard demon waves its arms in wide circles.
The air twists around and strikes the blink frog!
Okay, then.
Unknown command.
Unknown command.
Unknown command.
The blink frog hits your blizzard demon!
The blink frog blinks!
The blink frog hits you!
You die...

#.# ##.# #### ##.#
#..###.... #..#
##...#..P#
#####P.###.....#.##
♣..#...##.....#...#
.....P...........###.
#.##.P...............
#.#...............P#
# #..P.#....@.##....
#.#...~≈~≈~..F.#....
......#.~≈~≈~~..# ..
###.#...~≈2≈≈~...#
###...†D§≈≈~...#
#...§~≈≈≈≈~..#
#.!.>.~≈≈≈~..#
#...h≈≈≈≈≈~..#
##~.~~~≈≈≈~.


You could see an eight-headed hydra, a polar bear, a blink frog (ally target)
and a friendly blizzard demon (summoned).

Vanquished Creatures
  An orc warlord (Bailey)
  A hydra (Lair:1)
  A two-headed ogre (D:10)
  Urug (D:10)
  2 lindwurms (Lair:1)
  A manticore (D:7)
  4 elephants (Lair:1)
  A black mamba (Lair:1)
  Joseph (D:7)
  7 cane toads
  A torpor snail (Lair:1)
  3 komodo dragons
  4 polar bears (D:9)
  3 trolls
  4 blink frogs (Lair:3)
  A shadow (D:7)
  A wraith (D:10)
  3 wyverns
  Eustachio (D:6)
  3 yaks
  A basilisk (Lair:1)
  A steam dragon (D:7)
  Menkaure (D:6)
  2 swamp worms (D:8)
  2 acid dragons
  6 water moccasins
  10 orc warriors
  4 black bears
  2 ice beasts
  A sky beast (D:6)
  3 ogres
  5 centaurs
  4 wolves (D:8)
  A phantom (D:6)
  An elf zombie (Ossuary)
  13 bullfrogs
  3 kobold brigands
  8 scorpions
  4 gnoll sergeants (D:10)
  17 wights
  4 killer bees (D:8)
  3 electric eels
  9 howler monkeys
  A centaur zombie (Ossuary)
  7 hounds
  3 orc priests
  2 jellies
  An iguana (D:5)
  10 orc wizards
  4 ogre zombies (Ossuary)
  2 centaur simulacra
  7 mummies (Ossuary)
  8 gnolls
  8 adders
  A shadow imp (D:8)
  4 white imps
  5 ufetubi
  3 adder zombies (Ossuary)
  A worm (D:4)
  2 dart slugs
  44 orcs
  3 ball pythons
  5 bats
  3 endoplasms
  7 giant cockroaches
  A gnoll zombie (Ossuary)
  11 goblins
  7 hobgoblins
  2 jackals (D:2)
  7 frilled lizards
  A goblin zombie (Ossuary)
  14 kobolds
  7 kobold zombies (Ossuary)
  An orc zombie (Ossuary)
  7 quokka zombies (Ossuary)
  4 rats
  4 rat zombies (Ossuary)
346 creatures vanquished.

Vanquished Creatures (collateral kills)
  A kobold brigand (D:10)
  3 orcs (D:10)
4 creatures vanquished.

Vanquished Creatures (others)
  12 fungi
  19 plants
31 creatures vanquished.

Grand Total: 381 creatures vanquished

Notes
Turn   | Place    | Note
-------+----------+-------------------------------------------
     0 | D:1      | SkeletonJelly the Minotaur Fighter began the quest for the
                  | Orb.
     0 | D:1      | Reached XP level 1. HP: 19/19 MP: 0/0
   242 | D:1      | Reached skill level 3 in Axes
   245 | D:1      | Reached XP level 2. HP: 27/27 MP: 1/1
   626 | D:1      | Found a faded altar of an unknown god.
  1042 | D:2      | Reached XP level 3. HP: 28/33 MP: 2/2
  1301 | D:2      | Reached skill level 4 in Axes
  2425 | D:3      | Reached XP level 4. HP: 41/41 MP: 3/3
  2612 | D:4      | Reached skill level 5 in Axes
  2813 | D:4      | Identified the +3 ring mail of Colaczau {Regen+ Dex+4}
  2884 | D:4      | Found a staircase to the Ecumenical Temple.
  2896 | Temple   | Entered the Ecumenical Temple
  2896 | Temple   | Found a transporter.
  2896 | Temple   | Found a transporter.
  2899 | Temple   | Found a transporter.
  2899 | Temple   | Found a transporter.
  2932 | Temple   | Became a worshipper of Makhleb the Destroyer
  2953 | D:4      | Reached XP level 5. HP: 47/47 MP: 4/4
  3208 | D:5      | Entered Level 5 of the Dungeon
  3246 | D:5      | Reached skill level 5 in Fighting
  3420 | D:5      | Reached skill level 6 in Axes
  3472 | D:5      | Noticed a water moccasin
  3478 | D:5      | Killed a water moccasin
  3479 | D:5      | Reached XP level 6. HP: 57/57 MP: 5/5
  3500 | D:5      | Reached skill level 7 in Axes
  3545 | D:5      | Noticed an ice beast
  3552 | D:5      | Killed an ice beast
  3553 | D:5      | Reached XP level 7. HP: 63/63 MP: 6/6
  3626 | D:5      | Reached skill level 8 in Axes
  4268 | D:6      | Noticed Menkaure
  4270 | D:6      | Killed Menkaure
  4271 | D:6      | Reached skill level 9 in Axes
  4275 | D:6      | Reached XP level 8. HP: 69/73 MP: 7/7
  4275 | D:6      | Reached * piety under Makhleb
  4284 | D:6      | Found a sand-covered staircase.
  4289 | Ossuary  | Entered an ossuary
  4514 | Ossuary  | Reached skill level 10 in Axes
  4658 | Ossuary  | Reached ** piety under Makhleb
  4857 | D:6      | Found a stormy altar of Qazlal.
  4885 | D:6      | Reached skill level 11 in Axes
  4923 | D:6      | Noticed Eustachio
  4936 | D:6      | Killed Eustachio
  5066 | D:6      | Found a sacrificial altar of Ru.
  5090 | D:6      | Reached XP level 9. HP: 71/82 MP: 8/8
  5103 | D:6      | Reached skill level 12 in Axes
  5557 | D:7      | Noticed a komodo dragon
  5560 | D:7      | Identified the +10 broad axe of Defenestration {speed,
                  | *Noise rCorr Int+2 SInv}
  5561 | D:7      | Noticed a manticore
  5563 | D:7      | Killed a komodo dragon
  5564 | D:7      | Reached skill level 13 in Axes
  5567 | D:7      | Reached *** piety under Makhleb
  5568 | D:7      | Reached skill level 10 in Fighting
  5583 | D:7      | Killed a manticore
  5585 | D:7      | Reached skill level 14 in Axes
  5586 | D:7      | Reached XP level 10. HP: 83/94 MP: 9/9
  5609 | D:7      | Identified the +0 pair of gloves "Qiroyl" {Int+3}
  5851 | D:7      | Noticed Joseph
  5859 | D:7      | Killed Joseph
  6463 | D:8      | Reached skill level 15 in Axes
  6498 | D:8      | Found a flagged portal.
  6509 | D:8      | Reached **** piety under Makhleb
  6527 | Bailey   | Entered a bailey
  6534 | Bailey   | Noticed an orc warlord
  6628 | Bailey   | Found a runed translucent gate.
  6628 | Bailey   | Found a runed translucent gate.
  6628 | Bailey   | Found a runed translucent gate.
  6849 | Bailey   | Killed an orc warlord
  6850 | Bailey   | Reached skill level 16 in Axes
  6968 | D:8      | Reached skill level 1 in Invocations
  6987 | D:8      | Reached XP level 11. HP: 104/104 MP: 11/11
  7005 | D:8      | Found a staircase to the Lair.
  7562 | D:9      | Reached ***** piety under Makhleb
  7711 | D:9      | Reached skill level 5 in Invocations
  7934 | D:9      | Found Zaodghaev's Assorted Antiques.
  8025 | D:9      | Found a broken altar of Ashenzari.
  8026 | D:9      | Found a bloodstained altar of Trog.
  8027 | D:9      | Found an ancient bone altar of Kikubaaqudgha.
  8028 | D:9      | Found an opulent altar of Gozag.
  8090 | D:10     | Entered Level 10 of the Dungeon
  8106 | D:10     | Found a glowing silver altar of Zin.
  8128 | D:10     | Noticed a two-headed ogre
  8137 | D:10     | Killed a two-headed ogre
  8139 | D:10     | Noticed Urug
  8149 | D:10     | Killed Urug
  8239 | D:10     | Reached skill level 17 in Axes
  8328 | D:10     | Found a transporter.
  8404 | D:10     | Found a staircase to the Orcish Mines.
  8728 | Lair:1   | Entered Level 1 of the Lair of Beasts
  8821 | Lair:1   | Noticed a five-headed hydra
  8841 | Lair:1   | Killed a five-headed hydra
  8846 | Lair:1   | Reached XP level 12. HP: 72/112 MP: 17/17
  9452 | Lair:1   | Reached skill level 10 in Invocations
  9462 | Lair:1   | Reached skill level 18 in Axes
 10435 | Lair:3   | Noticed a five-headed hydra
 10448 | Lair:3   | HP: 1/112 [eight-headed hydra (5)]
 10450 | Lair:3   | Slain by a blink frog

Illustrated notes

Levels and vault maps discovered:
D:1:      reono_arrival_mine, layout_loops_ring,
          hellmonk_ecumenical_altar_arch_garden
D:2:      layout_basic
D:3:      layout_basic, minmay_misc_feat_enclosed
D:4:      layout_cave_pools, minmay_temple_entry_statues, grunt_decor_fettered
D:5:      layout_loops_corners
D:6:      layout_basic, nicolae_qazlal_general_emergency,
          mainiacjoe_overflow_paths, enter_ossuary_2, uniq_menkaure,
          uniq_eustachio
D:7:      minmay_the_grid_octo_triangle [minmay_the_grid_octo_odd_swirl,
          minmay_the_grid_octo_prize_ultimate_mussel_roller,
          minmay_the_grid_octo_concentric], layout_basic, uniq_joseph
D:8:      layout_loops_ring, minmay_lair_entry_grove, enter_bailey_2,
          worms_lemuel
D:9:      layout_roguey, mainiacjoe_overflow_alcove_3, serial_shops, shop,
          serial_ice, serial_ice_k, serial_ice_m, serial_ice_o, serial_ice_g,
          serial_ice_h, serial_ice_b, serial_ice_d, supply_closet_lemuel
D:10:     layout_big_octagon, mainiacjoe_overflow_alcove_4,
          kennysheep_orc_monster_closet_entryway, nicolae_diode_basic, uniq_urug
Temple:   hellmonk_temple_divided_pantheon
Lair:1:   layout_chaotic_city, st_stairs_10, nicolae_lair_lindhole,
          infiniplex_staircase_pool_2
Lair:2:   layout_regular_city, minmay_stone_trees_medium, serial_bayou_shore_a
Lair:3:   layout_loops_ring, minmay_swamp_entry_swarm,
          minmay_snake_entry_guardpost_small, chequers_serial_rivers_large_a,
          lemuel_centaur_altar, grunt_megastairs_2, infiniplex_staircase_pool

Skill      XL: |  1  2  3  4  5  6  7  8  9 10 11 12 |
---------------+-------------------------------------+-----
Axes           | 3 4 5 6 7 9 11 14 16 17 18 | 18.0
Fighting       | 4 5 6 7 8 10 12 | 12.0
Invocations    | 2 8 11 | 11.0
Armour         | |  3.6
Shields        | |  3.6

Action                   |  1- 3 |  4- 6 |  7- 9 | 10-12 || total
-------------------------+-------+-------+-------+-------++-------
Melee: War axe           |   109 |    89 |   273 |       ||   471
       Headbutt          |    15 |    17 |    65 |    81 ||   178
       Broad axe         |       |       |     8 |   376 ||   384
       Whip              |       |       |       |     8 ||     8
Invok: Lesser Servant of |       |       |       |     1 ||     1
       Greater Servant o |       |       |       |     1 ||     1
Evoke: Wand              |       |       |     7 |       ||     7
  Use: Scroll            |       |       |       |    13 ||    13
Armor: Scale mail        |    62 |    11 |       |       ||    73
       Ring mail         |       |    20 |    60 |    80 ||   160
Dodge: Dodged            |    34 |    35 |    69 |   107 ||   245
Block: Buckler           |    27 |    37 |   109 |   128 ||   301
       Reflection        |       |     3 |     5 |    10 ||    18

Table legend: (Time is in decaauts)
 A = Elapsed time spent in this place.
 B = Non-inter-level travel time spent in this place.
 C = Inter-level travel time spent in this place.
 D = Time resting spent in this place.
 E = Time spent auto-exploring this place.
 F = Levels seen in this place.
 G = Mean time per level.
                   A        B        C        D        E       F      G
               +--------+--------+--------+--------+--------+-----+--------+
         Total |  10346 |   9655 |    691 |      0 |   7686 |  16 |  646.6 |
       Dungeon |   7926 |   7310 |    616 |      0 |   5901 |  10 |  792.6 |
        Temple |     54 |     38 |     16 |      0 |      1 |   1 |   54.0 |
          Lair |   1558 |   1499 |     59 |      0 |   1306 |   3 |  519.3 |
       Ossuary |    435 |    435 |      0 |      0 |    224 |   1 |  435.0 |
        Bailey |    371 |    371 |      0 |      0 |    254 |   1 |  371.0 |
               +--------+--------+--------+--------+--------+-----+--------+

Top non-repeatable levels by time:
     D:5: 1078 daAuts
     D:7: 1004 daAuts
     D:1: 960 daAuts
     D:2: 906 daAuts
  Lair:1: 806 daAuts
     D:3: 764 daAuts
     D:8: 763 daAuts
     D:6: 752 daAuts
  Lair:2: 720 daAuts
     D:9: 585 daAuts
     D:4: 569 daAuts
    D:10: 540 daAuts
 Ossuary: 435 daAuts
  Bailey: 371 daAuts
  Temple: 54 daAuts
